 Dungeon Crawl Stone Soup version 0.16-a0-3607-g129694f (webtiles) character file.

120 Minkie the Cudgeler (level 4, 0/35 HPs)
             Began as a Demonspawn Berserker on Jan 12, 2015.
             Was a Believer of Trog.
             Slain by Sigmund
             ... wielding a +0 scythe
              (3 damage)
             ... on level 3 of the Dungeon.
             The game lasted 00:07:49 (2147 turns).

Minkie the Cudgeler (Demonspawn Berserker)          Turns: 2147, Time: 00:07:49

Health: 0/35       AC: 10    Str: 23    XL:     4   Next: 75%
Magic:  4/4        EV:  4    Int: 13    God:    Trog [**....]
Gold:   97         SH:  0    Dex: 15    Spells: 0 memorised, 3 levels left

rFire  . . .     SeeInvis .     a - +0 mace
rCold  . . .     Clarity  .     d - +0 plate armour
rNeg   . . .     SustAb   .     i - +0 shield
rPois  .         Gourm    .     (no helmet)
rElec  .         Spirit   .     (no cloak)
rCorr  .         Warding  .     (no gloves)
rMut   .         Stasis   .     (no boots)
MR     .....                    (no amulet)
Stlth  ..........               (no ring)
                                (no ring)

@: confused, mighty, brilliant, exhausted, flying, very slightly contaminated,
slowed, invisible, very slow, not resistant to hostile enchantments, extremely
unstealthy
A: thin skeletal structure 1, powered by death 1
a: Burn Spellbooks, Berserk, Trog's Hand, Renounce Religion


You were on level 3 of the Dungeon.
You worshipped Trog.
Trog was pleased with you.
You were near starving.

You visited 1 branch of the dungeon, and saw 3 of its levels.

You collected 97 gold pieces.

Inventory:

Hand weapons
 a - a +0 mace (weapon)
Armour
 d - a +0 plate armour (worn)
 i - a +0 shield (worn)
Jewellery
 h - a +3 ring of strength {unknown}
Scrolls
 f - 2 scrolls of remove curse {unknown}
 g - a scroll of teleportation {unknown}
 j - 6 scrolls of identify {unknown}
 l - a scroll of immolation {unknown}
Potions
 b - 2 potions of might
 m - a potion of flight
 n - a potion of cancellation {unknown}
 o - 2 potions of brilliance
 q - a potion of curing {unknown}
Comestibles
 c - 2 bread rations
 k - a meat ration
 r - a beef jerky


   Skills:
 - Level 3.0 Fighting
 + Level 5.0 Maces & Flails
 - Level 1.7 Armour
 - Level 1.7 Dodging


You had 3 spell levels left.
You didn't know any spells.

Dungeon Overview and Level Annotations

Branches:
Dungeon (3/15)

Altars:
Elyvilon
Qazlal

Annotations:
D:3 Sigmund


Innate Abilities, Weirdness & Mutations

You have a somewhat thin skeletal structure (Dex +2, Stealth).
You can steal the life force of nearby defeated enemies.


Message History

Sigmund appears from thin air!
Reactivating autopickup.
Sigmund hits you but does no damage.
You bump into the rock wall.
Sigmund zaps a wand.
The magic dart hits you!
It is a wand of magic darts.
Sigmund hits you from afar with a scythe.
* * * LOW HITPOINT WARNING * * *
You bump into the rock wall.
You feel less regenerative. Sigmund casts a spell at you.
You are more confused.
You bump into the rock wall.
Sigmund barely misses you.
Drink which item? (? for menu, Esc to quit)
It was a potion of invisibility.
You fade into invisibility!
Sigmund gestures at you while chanting. The magic dart hits you!
You are very lightly contaminated with residual magic.
Sigmund hits you with a scythe.
You die...

#.# #..♣♣♣♣ #.#
#.PP.♣♣ #.#
#P..♣.♣ #.#
##..P.. ###.###
###### #.....♣
♣♣♣♣♣....
#....♣♣♣♣♣..♣♣.###
#.##...♣♣.P♣...#
#@###♣P..♣♣♣♣♣##
#@# ♣♣♣♣♣ #.....#
...$......#
#...........#
####.....###.#
#.....# P...###
P....#


You could see Sigmund.

Vanquished Creatures
  Crazy Yiuf (D:3)
  Natasha (D:3)
  A worm (D:2)
  9 bats
  2 giant cockroaches (D:2)
  9 goblins
  5 hobgoblins
  12 jackals
  5 kobolds
  A quokka (D:2)
  A ball python (D:1)
  4 giant newts
  4 rats
  A plant (D:3)
56 creatures vanquished.

Notes
Turn   | Place    | Note
--------------------------------------------------------------
     0 | D:1      | Minkie, the Demonspawn Berserker, began the quest for the Orb.
     0 | D:1      | Reached XP level 1. HP: 18/18 MP: 1/1
   335 | D:1      | Gained mutation: You can steal the life force of nearby defeated enemies. [demonic ancestry]
   335 | D:1      | Reached XP level 2. HP: 22/24 MP: 2/2
   846 | D:2      | Reached XP level 3. HP: 19/29 MP: 3/3
   880 | D:2      | Reached skill level 4 in Maces & Flails
  1084 | D:2      | Acquired Trog's second power
  1152 | D:2      | Found a stormy altar of Qazlal.
  1285 | D:2      | Found a white marble altar of Elyvilon.
  1797 | D:3      | Noticed Crazy Yiuf
  1803 | D:3      | Killed Crazy Yiuf
  1803 | D:3      | Gained mutation: You have a somewhat thin skeletal structure (Dex +2, Stealth). [demonic ancestry]
  1803 | D:3      | Reached XP level 4. HP: 35/35 MP: 2/4
  2116 | D:3      | Noticed Natasha
  2117 | D:3      | Noticed Sigmund
  2122 | D:3      | Killed Natasha
  2122 | D:3      | Reached skill level 5 in Maces & Flails
  2147 | D:3      | Slain by Sigmund

Action                   |  1- 3 |  4- 6 || total
-------------------------+-------+-------++-------
Melee: Mace              |   185 |    73 ||   258
Invok: Berserk           |     1 |     1 ||     2
  Use: Potion            |       |     4 ||     4
  Eat: Chunk             |     3 |     2 ||     5
